 Dungeon Crawl Stone Soup version 0.31-a0-7-g51783674b7 (webtiles) character file.

Game seed: 13701822332814489861

25 tabstorm the Chopper (level 2, 21/22 HPs)
             Began as a Demonspawn Gladiator on May 5, 2023.
             Got out of the dungeon alive.
             The game lasted 00:01:09 (517 turns).

tabstorm the Chopper (Demonspawn Gladiator)          Turns: 517, Time: 00:01:09

Health: 21/22      AC:  8    Str: 14    XL:     2   Next: 82%
Magic:  2/2        EV: 11    Int:  9    God:
Gold:   31         SH:  0    Dex: 14    Spells: 1/1 levels left

rFire   . . .        a - +0 war axe
rCold   . . .        (no shield)
rNeg    . . .        g - +0 ring mail
rPois   .            c - +0 helmet
rElec   .            (no cloak)
rCorr   .            (no gloves)
SInv    .            (no boots)
Will    .....        (no amulet)
Stlth   +            (no ring)
HPRegen 0.23/turn    (no ring)
MPRegen 0.08/turn

%: no passive effects
@: no status effects
A: slimy green scales 1
a: no special abilities


You escaped.
You visited 1 branch of the dungeon, and saw 1 of its levels.

You collected 31 gold pieces.

Inventory:

Hand Weapons
 a - a +0 war axe (weapon)
Missiles
 d - 3 throwing nets (quivered)
 e - a javelin
Armour
 b - a +0 leather armour
 c - a +0 helmet (worn)
 g - a +0 ring mail (worn)
Scrolls
 h - 3 scrolls of enchant armour {unknown}
 k - 2 scrolls of teleportation {unknown}
Potions
 f - a potion of flight {unknown}
 i - a potion of heal wounds {unknown}
 j - a potion of mutation {unknown}
 l - a potion of curing {unknown}
 m - a potion of cancellation {unknown}


   Skills:
 - Level 2.0 Fighting
 * Level 3.7 Axes
 - Level 1.7 Throwing
 - Level 2.6 Dodging


You had one spell level left.
You didn't know any spells.
Your spell library was empty.

Dungeon Overview and Level Annotations

Branches:
Dungeon (1/15)

Altars:


Innate Abilities, Weirdness & Mutations

You are partially covered in slimy green scales. (AC +2)


Message History

A worm is nearby!
A worm is nearby!
The worm bites you!
You hit the worm.
The worm is moderately wounded.
You hit the worm.
The worm is heavily wounded.
The worm bites you.
You slash the worm!
The worm is almost dead.
The worm misses you.
You hit the worm but do no damage.
The worm is almost dead.
The worm bites you.
You are too injured to fight recklessly!
You barely miss the worm.
The worm is almost dead.
You barely miss the worm.
The worm is almost dead.
The worm closely misses you.
You barely miss the worm.
The worm is severely wounded.
The worm bites you!
* * * LOW HITPOINT WARNING * * *
You hit the worm.
The worm is severely wounded.
The worm misses you.
You barely miss the worm.
The worm is severely wounded.
The worm barely misses you.
You slash the worm!
You kill the worm!
There is a stone staircase leading down here.
You see here a bat skeleton.
You see here a rat skeleton.
There is an open gate here.
There is an open door here.
There is a staircase leading out of the dungeon here.
Are you sure you want to leave the Dungeon?
This will make you lose the game!
You have escaped!

################### ♣♣♣
#....#...8...#....# ♣.♣
#.⌠..#.8...8.'..@.# ♣♣.♣♣♣
#....#...⌠...#....# ♣....♣♣
#....'.8.....#....# ♣♣....♣
###..#.......#..###♣♣....♣♣
####..8.8..####♣♣.......♣#
#.......# ♣♣..........####
###...###♣♣..............#
♣..♣♣♣#'''#♣.♣....♣♣.#######.###
♣..............♣###### #....


There were no monsters in sight!

Vanquished Creatures
  A worm (D:1)
  3 endoplasms (D:1)
  A giant cockroach (D:1)
  A kobold (D:1)
  2 quokkas (D:1)
  4 bats (D:1)
  A frilled lizard (D:1)
  4 goblins (D:1)
  5 rats (D:1)
22 creatures vanquished.

Notes
Turn   | Place    | Note
-------+----------+-------------------------------------------
     0 | D:1      | tabstorm the Demonspawn Gladiator began the quest for the
                  | Orb.
     0 | D:1      | Reached XP level 1. HP: 16/16 MP: 1/1
   124 | D:1      | Reached skill level 3 in Axes
   203 | D:1      | Gained mutation: You are partially covered in slimy green
                  | scales. (AC +2) [demonic ancestry]
   203 | D:1      | Reached XP level 2. HP: 22/22 MP: 2/2
   517 | D:$      | Got out of the dungeon alive.

Illustrated notes

Levels and vault maps discovered:
D:1:      sevenhm_arrival_forest_fort_large_2, layout_basic, nicolae_wormholes

Skill      XL: |  1 |
---------------+----+-----
Axes           | 3 |  3.7
Fighting       | |  2.0
Throwing       | |  1.7
Dodging        | |  2.6

Action                     || total
---------------------------++-------
  Melee: War axe           ||    64
         Punch             ||     1
 Armour: Ring mail         ||    37
  Dodge: Dodged            ||    35

Table legend: (Time is in decaauts)
 A = Elapsed time spent in this place.
 B = Non-inter-level travel time spent in this place.
 C = Inter-level travel time spent in this place.
 D = Time resting spent in this place.
 E = Time spent auto-exploring this place.
 F = Levels seen in this place.
 G = Mean time per level.
                   A        B        C        D        E       F      G
               +--------+--------+--------+--------+--------+-----+--------+
         Total |    538 |    457 |     81 |      0 |    277 |   1 |  538.0 |
       Dungeon |    538 |    457 |     81 |      0 |    277 |   1 |  538.0 |
               +--------+--------+--------+--------+--------+-----+--------+

Top non-repeatable levels by time:
     D:1: 538 daAuts
